 Dungeon Crawl Stone Soup version 0.28-a0-577-gb193047a1f (webtiles) character file.

Game seed: 16700259999332186877

83 iamoutofideas the Chopper (level 4, -1/37 HPs)
             Began as a Hill Orc Gladiator on Oct 1, 2021.
             Killed from afar by an orc wizard (4 damage)
             ... with a magic dart
             ... on level 3 of the Dungeon.
             The game lasted 00:01:35 (2209 turns).

iamoutofideas the Chopper (Hill Orc Gladiator)      Turns: 2209, Time: 00:01:36

Health: -1/37      AC:  6    Str: 23    XL:     4   Next: 44%
Magic:  4/4        EV: 11    Int:  8    God:
Gold:   85         SH:  0    Dex: 12    Spells: 3/3 levels left

rFire   . . .      SeeInvis .   a - +1 war axe
rCold   . . .      Faith    .   (no shield)
rNeg    . . .      Spirit   .   n - +0 ring mail
rPois   .          Reflect  .   c - +0 helmet
rElec   .          Harm     .   (no cloak)
rCorr   .          Rampage  .   (no gloves)
Will    .....                   (no boots)
Stlth   +.........              (no amulet)
HPRegen 0.12/turn               f - +6 ring of strength
MPRegen 0.09/turn               (no ring)

@: no status effects
A: no striking features
a: no special abilities


You were on level 3 of the Dungeon.
You visited 1 branch of the dungeon, and saw 3 of its levels.

You collected 85 gold pieces.

Inventory:

Hand Weapons
 a - a +1 war axe (weapon)
Missiles
 d - 3 throwing nets (quivered)
Armour
 b - a +0 leather armour
 c - a +0 helmet (worn)
 n - a +0 ring mail (worn)
Jewellery
 f - a +6 ring of strength (left hand)
 l - an amulet of magic regeneration
Scrolls
 i - 2 scrolls of identify {unknown}
 k - a scroll of brand weapon {unknown}
 m - a scroll of teleportation {unknown}
Potions
 e - a potion of brilliance {unknown}
 g - a potion of curing {unknown}
 h - a potion of degeneration {unknown}
 j - a potion of mutation {unknown}


   Skills:
 - Level 2.4 Fighting
 + Level 6.8 Axes
 - Level 1.7 Throwing
 - Level 2.4 Dodging


You had 3 spell levels left.
You didn't know any spells.
Your spell library contained the following spells:

 Spells                   Type           Power      Damage    Failure   Level
 Animate Skeleton         Necr           0%         N/A       56%         1
 Pain                     Necr           0%         1d4       56%         1
 Vampiric Draining        Necr           0%         2d6       91%         3


Dungeon Overview and Level Annotations

Branches:
Dungeon (3/15)

Altars:


Message History

You are more confused.
The orc wizard hits you with a +1 dagger of speed.
The orc wizard misses you.
You miss the orc wizard.
The orc wizard is heavily wounded.
The orc wizard hits you but does no damage.
The orc wizard hits you with a +1 dagger of speed.
The orc wizard casts a spell at you. The puff of flame hits you!
* * * LOW HITPOINT WARNING * * *
You closely miss the orc wizard.
The orc wizard is heavily wounded.
The orc wizard misses you.
The orc wizard hits you with a +1 dagger of speed.
* * * LOW HITPOINT WARNING * * *
The orc wizard barely misses you.
The orc wizard hits you but does no damage.
You closely miss the orc wizard.
The orc wizard is heavily wounded.
The orc wizard points at you and mumbles some strange words.
You are more confused.
The orc wizard barely misses you.
The orc wizard hits you with a +1 dagger of speed.
* * * LOW HITPOINT WARNING * * *
You miss the orc wizard.
The orc wizard is heavily wounded.
The orc wizard gestures wildly while chanting.
The orc wizard flickers and vanishes!
Deactivating autopickup; reactivate with Ctrl-A.
Something hits you.
* * * LOW HITPOINT WARNING * * *
Unknown command.
You see here 12 gold pieces.
Something hits you but does no damage.
You hear some strange, mumbled words.
Something tries to affect you, but you resist.
You feel less confused.
A magic dart appears from out of thin air!
The magic dart hits you.
You die...

#.......# ###
#.......###.. #######
#.......†....
#....$#######.......###..
#....:#.........##### #..
#.....$...####### #.#
#.....#{.......# #.#
#....)#........# #####.#
*#....)#.@...>..# #......
***** #......##.......#
####### *,,,*
#...(..##.......# # *,,,*
#......##.......# # *,,,*
#......##.......# # *,,,*
#.#######.......# # *,,,*
#.,,,,,*######### #
*,,,********,* #
*,,,,,,,,,,,,*


There were no monsters in sight!

Vanquished Creatures
  A centaur skeleton (D:3)
  An adder (D:2)
  2 dart slugs (D:2)
  2 orcs (D:3)
  2 bats (D:1)
  2 endoplasms
  A giant cockroach (D:2)
  2 goblins (D:1)
  7 hobgoblins
  4 jackals (D:1)
  A kobold (D:3)
  A quokka (D:1)
  4 ball pythons
  3 frilled lizards
  3 rats (D:1)
36 creatures vanquished.

Notes
Turn   | Place    | Note
-------+----------+-------------------------------------------
     0 | D:1      | iamoutofideas the Hill Orc Gladiator began the quest for
                  | the Orb.
     0 | D:1      | Reached XP level 1. HP: 18/18 MP: 1/1
    22 | D:1      | Reached XP level 2. HP: 4/25 MP: 2/2
   309 | D:1      | Reached skill level 5 in Axes
   887 | D:2      | Reached XP level 3. HP: 27/30 MP: 3/3
  1624 | D:2      | Reached skill level 6 in Axes
  2002 | D:3      | Reached XP level 4. HP: 28/37 MP: 4/4
  2209 | D:3      | Killed from afar by an orc wizard

Illustrated notes

Levels and vault maps discovered:
D:1:      pf_arrival_petrified_forest, layout_rooms
D:2:      layout_loops_corners
D:3:      layout_basic, lemuel_crystal_altar

Skill      XL: |  1  2  3 |
---------------+----------+-----
Axes           | 5 6 |  6.8
Fighting       | |  2.4
Throwing       | |  1.7
Dodging        | |  2.4

Action                   |  1- 3 |  4- 6 || total
-------------------------+-------+-------++-------
Melee: War axe           |    82 |    20 ||   102
  Use: Scroll            |     3 |       ||     3
Armor: Leather armour    |    25 |       ||    25
       Ring mail         |     9 |    11 ||    20
Dodge: Dodged            |    67 |    10 ||    77

Table legend: (Time is in decaauts)
 A = Elapsed time spent in this place.
 B = Non-inter-level travel time spent in this place.
 C = Inter-level travel time spent in this place.
 D = Time resting spent in this place.
 E = Time spent auto-exploring this place.
 F = Levels seen in this place.
 G = Mean time per level.
                   A        B        C        D        E       F      G
               +--------+--------+--------+--------+--------+-----+--------+
         Total |   2230 |   2123 |    107 |    235 |   1605 |   3 |  743.3 |
       Dungeon |   2230 |   2123 |    107 |    235 |   1605 |   3 |  743.3 |
               +--------+--------+--------+--------+--------+-----+--------+

Top non-repeatable levels by time:
     D:2: 1122 daAuts
     D:1: 772 daAuts
     D:3: 335 daAuts
